Map: Blackburn LE

Players

MaxPax - Winner!

  • Race: Protoss Protoss
  • League: Grandmaster

AGOElazer (Elazer)

  • Race: Zerg Zerg
  • League: Master

VOD

Have the link to the VOD?

Description

Time

  • Played on: Oct. 22, 2021, 10:43 a.m.
  • Length: 12:06
Show
View Real Time Build Order
Export as new Build Order

MaxPax Protoss - Winner!

Build Orders: 1 Gate Expand, Oracle Opening 

Get SALT Encoding   

  12  0:00  Probe  
  13  0:12  Probe  
  14  0:19  Pylon  
  14  0:24  Probe  
  15  0:37  Probe (Chrono Boost)  
  15  0:40  Gateway  
  16  0:47  Probe (Chrono Boost)  
  16  0:49  Assimilator  
  17  0:52  Probe (Chrono Boost)  
  18  1:04  Probe  
  19  1:16  Probe  
  20  1:26  Nexus  
  20  1:37  Cybernetics Core  
  20  1:40  Probe  
  20  1:46  Assimilator  
  21  1:53  Probe  
  22  1:56  Pylon  
  22  2:05  Probe (Chrono Boost)  
  23  2:14  Adept  
  25  2:17  Probe (Chrono Boost)  
  25  2:21  Stargate  
  26  2:24  Probe (Chrono Boost)  
  26  2:28  Warp Gate  
  27  2:33  Probe (Chrono Boost)  
  28  2:38  Probe (Chrono Boost)  
  30  2:44  Adept  
  30  2:47  Probe (Chrono Boost)  
  30  2:48  Probe (Chrono Boost)  
  33  2:52  Probe (Chrono Boost)  
  33  2:55  Void Ray (Chrono Boost), Probe  
  35  3:04  Probe  
  40  3:07  Probe  
  41  3:13  Pylon  
  41  3:16  Probe  
  41  3:19  Probe  
  43  3:21  Gateway  
  43  3:28  Oracle (Chrono Boost)  
  43  3:29  Probe  
  43  3:32  Probe  
  48  3:41  Probe  
  49  3:44  Probe  
  50  3:52  Nexus  
  50  3:54  Pylon  
  50  3:55  Probe  
  50  3:57  Probe  
  50  4:00  Assimilator  
  52  4:02  Assimilator  
  52  4:08  Probe  
  52  4:09  Probe  
  54  4:20  Probe  
  54  4:21  Probe  
  56  4:25  Stargate  
  56  4:27  Forge, Protoss Air Weapons Level 1  
  56  4:32  Probe, Void Ray (Chrono Boost)  
  56  4:33  Probe, Pylon  
  58  4:44  Pylon  
  62  4:51  Shield Battery, Probe x2  
  64  4:55  Robotics Facility  
  64  5:04  Probe x3 (Chrono Boost)  
  64  5:05  Void Ray (Chrono Boost)  
  67  5:11  Assimilator  
  67  5:13  Probe x2 (Chrono Boost), Assimilator  
  67  5:14  Probe (Chrono Boost), Void Ray  
  74  5:18  Probe (Chrono Boost)  
  74  5:21  Probe (Chrono Boost)  
  79  5:23  Probe (Chrono Boost)  
  84  5:35  Probe x2 (Chrono Boost)  
  84  5:38  Probe (Chrono Boost)  
  84  5:40  Pylon  
  84  5:41  Probe (Chrono Boost)  
  86  5:43  Probe (Chrono Boost)  
  86  5:44  Probe (Chrono Boost)  
  87  5:50  Stargate, Probe, Fleet Beacon  
  87  5:52  Pylon  
  87  5:54  Probe  
  87  5:56  Probe  
  90  5:58  Pylon  
  91  6:04  Probe  
  91  6:08  Observer  
  91  6:09  Robotics Bay  
  92  6:12  Pylon  
  92  6:14  Photon Cannon  
  92  6:27  Void Ray (Chrono Boost)  
  92  6:28  Void Ray x2 (Chrono Boost)  
  92  6:32  Nexus  
  92  6:34  Pylon  
  92  6:38  Flux Vanes  
  104  6:43  Probe x3  
  104  6:45  Adept x2  
  111  6:47  Pylon  
  106  6:55  Probe  
  106  6:56  Probe  
  106  6:57  Photon Cannon  
  108  7:07  Assimilator  
  114  7:13  Assimilator  
  114  7:14  Carrier (Chrono Boost)  
  114  7:15  Probe  
  115  7:16  Probe  
  115  7:19  Protoss Air Weapons Level 2 (Chrono Boost)  
  115  7:20  Carrier (Chrono Boost)  
  122  7:34  Probe  
  122  7:35  Carrier (Chrono Boost)  
  122  7:39  Probe x2  
  122  7:44  Probe  
  131  7:46  Probe  
  131  7:48  Protoss Ground Weapons Level 1 (Chrono Boost)  
  132  7:52  Gateway  
  132  7:53  Twilight Council, Photon Cannon  
  132  7:55  Gateway  
  132  7:56  Photon Cannon  
  132  7:57  Probe x2, Photon Cannon  
  132  7:58  Probe x2  
  136  8:02  Photon Cannon  
  136  8:05  Pylon  
  136  8:08  Void Ray x2 (Chrono Boost)  
  144  8:18  Probe  
  144  8:19  Void Ray  
  141  8:23  Gateway  
  141  8:24  Charge (Chrono Boost)  
  141  8:25  Gateway  
  145  8:27  Probe  
  145  8:30  Gateway  
  145  8:31  Disruptor (Chrono Boost)  
  149  8:41  Void Ray  
  149  8:43  Void Ray  
  156  9:00  Disruptor  
  159  9:03  Shield Battery, Zealot  
  159  9:04  Zealot  
  159  9:05  Pylon  
  159  9:07  Pylon  
  159  9:08  Pylon  
  161  9:18  Void Ray  
  161  9:19  Templar Archives  
  161  9:22  Gateway  
  161  9:23  Void Ray, Gateway  
  165  9:28  Pylon, Zealot x6  
  181  9:33  Void Ray  
  165  9:53  Zealot  
  165  9:54  Zealot x6  
  165  9:57  Gateway  
  165  9:58  Gateway  
  179  10:00  Stargate  
  183  10:09  Warp Prism (Chrono Boost)  
  183  10:14  Nexus  
  181  10:15  High Templar  
  181  10:16  High Templar x3  
  181  10:19  Void Ray (Chrono Boost)  
  181  10:21  Archon x2, Void Ray (Chrono Boost)  
  189  10:22  Void Ray (Chrono Boost)  
  189  10:23  Zealot x4  
  173  10:48  Pylon  
  173  10:54  High Templar x4  
  173  10:55  Zealot x3  
  173  10:56  Zealot x4  
  195  10:59  Archon, Pylon  
  195  11:00  Archon  
  195  11:01  Pylon  
  189  11:20  Zealot x5  
  177  11:39  Zealot x6  
Show
View Real Time Build Order
Export as new Build Order

AGOElazer Zerg 

Build Orders: Hatch First 

Get SALT Encoding   

  12  0:00  Drone  
  13  0:12  Overlord  
  13  0:17  Drone  
  14  0:30  Drone x2  
  16  0:49  Hatchery  
  15  0:51  Drone  
  15  0:55  Drone  
  17  0:58  Drone  
  18  1:09  Extractor  
  17  1:14  Spawning Pool  
  17  1:18  Drone  
  17  1:21  Drone  
  18  1:28  Drone  
  19  1:38  Drone  
  20  1:48  Overlord  
  20  2:00  Queen x2  
  24  2:02  Drone, Zergling x2  
  26  2:11  Zergling x2  
  26  2:12  Drone  
  26  2:13  Metabolic Boost  
  28  2:22  Drone x2  
  30  2:32  Drone  
  30  2:33  Drone  
  30  2:36  Queen  
  34  2:44  Overlord  
  34  2:45  Drone  
  35  2:53  Hatchery  
  35  2:57  Drone  
  35  2:59  Overlord  
  35  3:05  Drone  
  35  3:06  Drone  
  35  3:07  Drone  
  35  3:09  Drone  
  35  3:11  Drone  
  35  3:12  Drone  
  41  3:14  Drone  
  42  3:20  Queen  
  42  3:25  Queen  
  46  3:30  Overlord  
  46  3:32  Overlord  
  46  3:35  Drone  
  46  3:36  Drone  
  52  3:48  Drone x4  
  52  3:51  Drone x2, Spore Crawler  
  52  3:52  Drone x2  
  55  4:00  Drone x2  
  55  4:02  Drone  
  58  4:03  Queen  
  58  4:07  Overlord  
  59  4:10  Drone  
  59  4:14  Drone  
  61  4:18  Spore Crawler  
  61  4:19  Drone x4  
  61  4:21  Drone x2  
  66  4:27  Drone x2, Roach Warren, Extractor  
  66  4:29  Extractor  
  65  4:32  Overlord  
  65  4:34  Drone x2  
  65  4:37  Drone x2  
  69  4:45  Lair, Zergling x2  
  69  4:46  Zergling x6  
  69  4:48  Overlord  
  73  4:58  Overlord  
  73  4:59  Drone x4  
  77  5:02  Hatchery  
  77  5:06  Spore Crawler, Overlord  
  75  5:09  Queen  
  75  5:10  Queen  
  79  5:15  Spore Crawler  
  79  5:16  Overlord  
  79  5:19  Drone x4  
  82  5:24  Drone x3  
  82  5:25  Drone, Extractor x2  
  82  5:26  Drone  
  84  5:29  Drone x2  
  84  5:33  Overlord  
  83  5:36  Drone x4  
  85  5:43  Drone x5, Extractor  
  85  5:47  Infestation Pit  
  88  5:53  Spire  
  88  5:54  Queen  
  88  5:56  Drone  
  90  5:59  Queen  
  90  6:02  Queen  
  92  6:09  Drone x5  
  92  6:10  Drone  
  97  6:11  Drone  
  97  6:17  Drone x3  
  97  6:18  Drone x2  
  103  6:21  Queen, Overlord  
  106  6:26  Spire  
  106  6:31  Drone x6  
  106  6:32  Spore Crawler  
  109  6:40  Queen  
  109  6:41  Queen  
  109  6:43  Hive  
  113  6:47  Drone x6  
  113  6:53  Overlord  
  113  6:54  Drone x5  
  124  6:56  Drone x2  
  124  6:58  Extractor  
  124  7:00  Drone x2, Extractor  
  126  7:04  Overlord  
  126  7:07  Overseer  
  126  7:15  Overlord  
  126  7:17  Zergling x14, Hatchery  
  126  7:20  Queen x2  
  135  7:33  Overlord  
  135  7:35  Queen  
  133  7:39  Drone x2  
  133  7:42  Evolution Chamber x2  
  133  7:47  Overlord x3  
  133  7:48  Zerg Flyer Armor Level 1  
  133  7:51  Spire  
  132  7:56  Queen  
  132  7:57  Corruptor x8  
  150  8:10  Corruptor x5  
  159  8:15  Corruptor x3  
  165  8:21  Zerg Missile Weapons Level 1, Zerg Ground Armor Level 1  
  165  8:26  Corruptor  
  167  8:28  Overlord x2  
  167  8:33  Corruptor x3  
  173  8:48  Corruptor  
  173  8:49  Corruptor x5  
  173  8:55  Corruptor  
  183  8:59  Corruptor  
  185  9:06  Corruptor x2  
  188  9:12  Zerg Flyer Weapons Level 1  
  187  9:18  Overlord, Extractor x2  
  187  9:19  Corruptor  
  180  9:33  Viper x2  
  186  9:41  Corruptor  
  186  9:43  Drone  
  186  9:44  Drone x3  
  184  9:49  Corruptor x2  
  184  9:55  Zergling x24  
  184  9:59  Greater Spire  
  196  10:12  Overlord  
  188  10:30  Corruptor x7  
  178  10:43  Roach x12  
  191  10:51  Corruptor x4  
  198  11:06  Spine Crawler  
  198  11:07  Spine Crawler  
  198  11:08  Spine Crawler x2  
  191  11:13  Roach x4  
  191  11:17  Spine Crawler  
  191  11:18  Spine Crawler x2  
  196  11:19  Spine Crawler  
  181  11:32  Roach x11  
  186  11:33  Roach  
  137  11:44  Roach x16  
Tags
 
Add a new tag
Caveats
  • Supply blocks, unpowered buildings, or Contaminate may cause inaccurate times.
  • Supply counts are checked every 10 seconds.